 Dungeon Crawl Stone Soup version 0.23-a0-151-gf6d1ed2717 (webtiles) character file.

564664 Rrauwl the Victor of a Thousand Battles (level 26, -6/208 HPs)
             Began as a Gnoll Warper on Sept 4, 2018.
             Was the Champion of Okawaru.
             Killed from afar by an orb of fire (14 damage)
             ... with a fireball
             ... on level 1 of the Realm of Zot on Sept 8, 2018.
             The game lasted 04:27:27 (74883 turns).

Rrauwl the Victor of a Thousand Battles (GnWr)     Turns: 74883, Time: 04:27:28

Health: -6/208     AC: 27    Str: 28    XL:     26   Next: 76%
Magic:  13/44      EV: 16    Int: 24    God:    Okawaru [******]
Gold:   2635       SH: 30    Dex: 16    Spells: 9/59 levels left

rFire    + + +     SeeInvis .   a - +7 demon trident "Yluoq" {vamp, rPois rF+ Str+2}
rCold    + . .     Gourm    .   Y - +8 large shield of Itor {Str+3 Slay+3}
rNeg     . . .     Faith    +   t - +7 crystal plate armour "Walaibb" {*Corrode Int+4}
rPois    +         Spirit   .   c - +2 hat {Int+3}
rElec    .         Reflect  .   P - scarf {rC+ rF+}
rCorr    .         Harm     .   C - +3 pair of gloves of Surprise {MR+ Int+2}
MR       ++++.                  A - +2 pair of boots {Fly}
Stlth    ..........             o - amulet of faith
HPRegen  0.44/turn              j - +6 ring of protection
MPRegen  0.29/turn              U - ring of protection from magic

@: corroded
A: distributed training, fangs 1, repulsion field 1, molten scales 1, deformed
body, dopey 1, fire resistance 1, magic resistance 1, strong nose
}: 3/15 runes: decaying, silver, gossamer
a: Heroism, Finesse, Renounce Religion, Evoke Flight


You were on level 1 of the Realm of Zot.
You worshipped Okawaru.
Okawaru was exalted by your worship.
You were not hungry.

You visited 10 branches of the dungeon, and saw 46 of its levels.
You also visited: Sewer, Ice Cave and Volcano.

You collected 6111 gold pieces.
You spent 3476 gold pieces at shops.

Inventory:

Hand Weapons
 a - the +7 demon trident "Yluoq" (weapon) {vamp, rPois rF+ Str+2}
   (You took it off a deep elf sorcerer on level 3 of the Elven Halls)

   It inflicts no extra harm, but heals its wielder when it wounds a living foe.
   It affects your strength (+2).
   It protects you from fire.
   It protects you from poison.
 b - the +7 longbow "Piercer" {penet, EV-2}
   (Okawaru gifted it to you on level 2 of the Lair of Beasts)

   Ammo fired by it will pass through the targets it hits, potentially hitting
   all targets in its path until it reaches maximum range.
   It affects your evasion (-2).
Missiles
 l - 1318 arrows
Armour
 c - a +2 hat of intelligence (worn)
 t - the +7 crystal plate armour "Walaibb" (worn) {*Corrode Int+4}
   (Okawaru gifted it to you on level 2 of the Depths)

   It affects your intelligence (+4).
   It may corrode you when you take damage.
 A - a +2 pair of boots of flying (worn)
 C - the +3 pair of gloves of Surprise (worn) {MR+ Int+2}
   (Okawaru gifted it to you on level 15 of the Dungeon)

   It affects your intelligence (+2).
   It affects your resistance to hostile enchantments.
 P - a scarf of resistance (worn)
 Y - the +8 large shield of Itor (worn) {Str+3 Slay+3}
   (You took it off a deep elf elementalist on level 3 of the Elven Halls)

   It affects your strength (+3).
   It affects your accuracy and damage with ranged weapons and melee attacks
   (+3).
Jewellery
 j - a +6 ring of protection (left hand)
 o - an amulet of faith (around neck)
 v - an uncursed ring of resist corrosion
 R - an uncursed ring of see invisible
 U - a ring of protection from magic (right hand)
Wands
 g - a wand of scattershot (4)
 m - a wand of disintegration (37)
 x - a wand of polymorph (27)
 E - a wand of paralysis (54)
 K - a wand of digging (6)
 M - a wand of acid (4)
 V - a wand of iceblast (16)
 Z - a wand of enslavement (19)
Scrolls
 d - 7 scrolls of fog
 i - 17 scrolls of identify
 n - 9 scrolls of fear
 p - 8 scrolls of teleportation
 r - 18 scrolls of remove curse
 z - a scroll of holy word
 D - 4 scrolls of summoning
 I - 5 scrolls of blinking
 L - 8 scrolls of magic mapping
 X - 3 scrolls of silence
Potions
 f - 5 potions of might
 h - 10 potions of brilliance
 q - 6 potions of haste
 s - 9 potions of ambrosia
 u - 8 potions of curing
 w - 2 potions of berserk rage
 G - 5 potions of cancellation
 J - 2 potions of agility
 O - 6 potions of invisibility
 Q - a potion of mutation
 T - a potion of flight
 W - a potion of resistance
Miscellaneous
 y - 2 phantom mirrors
 B - a lamp of fire
 H - a lightning rod (4/4)
 N - 3 sacks of spiders
 S - 4 boxes of beasts
Comestibles
 e - 47 rations
 k - 7 chunks of flesh


   Skills:
 + Level 17.1 Fighting
 + Level 16.6 Short Blades
 + Level 17.1 Long Blades
 + Level 16.6 Axes
 + Level 16.6 Maces & Flails
 + Level 16.6 Polearms
 + Level 16.6 Staves
 + Level 16.6 Slings
 + Level 16.6 Bows
 + Level 16.6 Crossbows
 + Level 16.7 Throwing
 + Level 16.7 Armour
 + Level 17.1 Dodging
 + Level 16.6 Stealth
 + Level 16.6 Shields
 + Level 16.6 Unarmed Combat
 + Level 17.1 Spellcasting
 + Level 14.3 Conjurations
 + Level 14.3 Hexes
 + Level 14.3 Charms
 + Level 14.3 Summonings
 + Level 14.3 Necromancy
 + Level 15.1 Translocations
 + Level 14.3 Transmutations
 + Level 14.3 Fire Magic
 + Level 14.3 Ice Magic
 + Level 14.3 Air Magic
 + Level 14.3 Earth Magic
 + Level 14.3 Poison Magic
 + Level 17.9 Invocations
 + Level 16.6 Evocations


You had 9 spell levels left.
You knew the following spells:

 Your Spells              Type           Power        Failure   Level  Hunger
a - Blink                 Tloc           N/A          1%          2    None
b - Lesser Beckoning      Tloc           #######...   1%          3    None
c - Teleport Other        Tloc           #######.     1%          3    None
d - Passwall              Tmut/Erth      ######..     1%          2    None
e - Bolt of Magma         Conj/Fire/Erth ######....   10%         5    None
f - Petrify               Tmut/Erth      ######..     3%          4    None
g - Venom Bolt            Conj/Pois      ######....   10%         5    None
h - Animate Skeleton      Necr           N/A          1%          1    None
i - Apportation           Tloc           ######       1%          1    None
j - Cause Fear            Hex            ######....   3%          4    None
k - Inner Flame           Hex/Fire       ######..     1%          3    None
l - Dispel Undead         Necr           ######..     10%         5    None
m - Dispersal             Tloc           #######...   36%         6    ####...
n - Shadow Creatures      Summ           N/A          45%         6    ####...

Your spell library contained the following spells:

 Spells                   Type           Power        Failure   Level  Hunger
 Beastly Appendage        Tmut           ######       1%          1    None
 Confusing Touch          Hex            ######       1%          1    None
 Corona                   Hex            ######.      1%          1    None
 Freeze                   Ice            ####         1%          1    None
 Sandblast                Erth           ######       1%          1    None
 Sting                    Conj/Pois      ####         1%          1    None
 Summon Small Mammal      Summ           ####         1%          1    None
 Call Imp                 Summ           ######..     1%          2    None
 Corpse Rot               Necr           N/A          1%          2    None
 Ensorcelled Hibernation  Hex/Ice        ######       1%          2    None
 Poisonous Vapours        Pois/Air       ######       1%          2    None
 Shroud of Golubria       Chrm/Tloc      ######....   1%          2    None
 Slow                     Hex            ######..     1%          2    None
 Sublimation of Blood     Necr           ######....   1%          2    None
 Throw Frost              Conj/Ice       ######       1%          2    None
 Call Canine Familiar     Summ           ######..     1%          3    None
 Confuse                  Hex            ######..     1%          3    None
 Conjure Flame            Conj/Fire      ######..     1%          3    None
 Gell's Gravitas          Tloc           #######...   1%          3    None
 Mephitic Cloud           Conj/Pois/Air  ######..     1%          3    None
 Ozocubu's Armour         Chrm/Ice       ######..     1%          3    None
 Portal Projectile        Hex/Tloc       ######       1%          3    None
 Recall                   Summ/Tloc      N/A          1%          3    None
 Stone Arrow              Conj/Erth      ######       1%          3    None
 Summon Guardian Golem    Hex/Summ       ######..     1%          3    None
 Force Lance              Conj/Tloc      ######..     2%          4    None
 Passage of Golubria      Tloc           N/A          2%          4    None
 Animate Dead             Necr           N/A          3%          4    None
 Ice Form                 Ice/Tmut       ######..     3%          4    None
 Leda's Liquefaction      Hex/Erth       ######....   3%          4    None
 Olgreb's Toxic Radiance  Pois           ######..     3%          4    None
 Summon Ice Beast         Ice/Summ       ######..     3%          4    None
 Summon Lightning Spire   Summ/Air       ######..     3%          4    None
 Throw Icicle             Conj/Ice       ######..     3%          4    None
 Agony                    Necr           ######..     10%         5    None
 Alistair's Intoxication  Tmut/Pois      ######..     10%         5    None
 Blade Hands              Tmut           ######....   10%         5    None
 Bolt of Draining         Conj/Necr      ######....   10%         5    None
 Borgnjor's Vile Clutch   Necr/Erth      ######....   10%         5    None
 Excruciating Wounds      Chrm/Necr      ######....   10%         5    None
 Irradiate                Conj/Tmut      ######....   10%         5    None
 Lee's Rapid Deconstruct  Erth           ######....   10%         5    None
 Metabolic Englaciation   Hex/Ice        ######....   10%         5    None
 Silence                  Hex/Air        ######....   10%         5    None
 Yara's Violent Unravell  Hex/Tmut       ######....   10%         5    None
 Bolt of Cold             Conj/Ice       ######....   45%         6    ####...
 Darkness                 Hex            ######....   45%         6    ####...
 Death Channel            Necr           ######....   45%         6    ####...
 Freezing Cloud           Conj/Ice/Air   ######....   45%         6    ####...
 Hydra Form               Tmut           ######....   45%         6    ####...
 Iron Shot                Conj/Erth      ######....   45%         6    ####...
 Ozocubu's Refrigeration  Ice            ######....   45%         6    ####...
 Simulacrum               Ice/Necr       ######....   45%         6    ####...
 Statue Form              Tmut/Erth      ######...    45%         6    ####...
 Dragon Form              Tmut           ######....   96%         7    #####..
 Ring of Flames           Chrm/Fire      ######....   96%         7    #####..
 Controlled Blink         Tloc           N/A          100%        8    #######
 Disjunction              Tloc           #######...   100%        8    #######
 Shatter                  Erth           ######....   100%        9    #######


Dungeon Overview and Level Annotations

Branches:
Dungeon (15/15)            Temple (1/1) D:6            Lair (6/6) D:9
  Swamp (4/4) Lair:4       Spider (4/4) Lair:3        Slime (0/5) Lair:6
    Orc (2/2) D:9             Elf (3/3) Orc:2        Vaults (5/5) D:14
  Crypt (0/3) Vaults:2     Depths (5/5) D:15            Zot (1/5) Depths:5

Altars:
Ashenzari
Cheibriados
Dithmenos
Elyvilon
Fedhas
Gozag
Hepliaklqana
Kikubaaqudgha
Makhleb
Nemelex Xobeh
Okawaru
Qazlal
Ru
Sif Muna
Trog
Uskayaw
Vehumet
Wu Jian
Xom
Yredelemnul
Zin
The Shining One
Beogh
Jiyva

Shops:
D:6 }?}[!   D:7 (   D:9 [(   Orc:2 [![*   Elf:3 [   Vaults:2 ?   Vaults:3 *
Depths:3 [   Depths:4 *

Portals:
Hell: Depths:1 Depths:2 Depths:3 Depths:4 Depths:5
Abyss: Depths:2 Depths:4
Pandemonium: Depths:3
Ziggurat: Depths:3

Annotations:
D:5 2 transporters, P0WERM0DE's ghost, novice DDFi
Elf:3 1 runed door, kroki's ghost, veteran MiFi
Depths:5 1 runed door, Buw Zyr's ghost, adept MiFi


Innate Abilities, Weirdness & Mutations

Your experience applies equally to all skills.
You have very sharp teeth.
Your uncanny sense of smell can sniff out nearby items.
You are surrounded by a mild repulsion field. (EV +2)
You are partially covered in molten scales. (AC +2)
Armour fits poorly on your strangely shaped body.
You are dopey. (Int -2)
Your flesh is heat resistant. (rF+)
You are resistant to hostile enchantments. (MR+)


Message History

Confirm with . or Enter, or press ? or * to list all spells.
You blink.
A yellow draconian scorcher comes into view.
It is wielding a long sword of The orb of fire emits a lurid red light.
The fireball explodes!
The fireball engulfs you! You resist.
* * * LOW HITPOINT WARNING * * *
You hear a deafening roar!
Unknown command.
Casting: Blink (safe; 1% risk of failure)
Confirm with . or Enter, or press ? or * to list all spells.
Aiming: Passwall (safe; 1% risk of failure)
Press: ? - help, Dir - move target cursor A rock wall.
The yellow draconian scorcher points at you and mumbles some strange words.
The fireball explodes!
The fireball engulfs you! You resist.
* * * LOW HITPOINT WARNING * * *
You begin to meditate on the wall.
You continue meditating on the rock. x2
The orb of fire glows deep purple.
The fireball explodes!
The fireball engulfs you! You resist.
You die...

#.# ...q. #.#
d.......# #.#
........# #.#
..q.....#
........+ ∆
........#
........#
........#
.......@########
...............#
...............#
#####....*.....#
#..........#
#.......>..#
#..........#
#..........#
#...[......#


You could see an orb of fire, a white draconian and a yellow draconian scorcher.

Vanquished Creatures
  2 ancient liches
  Sojobo (Depths:4)
  Margery (Vaults:5)
  A curse toe (Zot:1)
  Saint Roka (Depths:4)
  2 golden dragons
  7 tentacled monstrosities
  4 liches
  Rupert (D:12)
  3 death cobs (Zot:1)
  3 deep elf blademasters (Elf:2)
  2 quicksilver dragons
  A deep elf master archer (Elf:3)
  Asterion (Spider:1)
  7 titans (Vaults:5)
  Gastronok (Lair:2)
  2 thorn hunters (Swamp:2)
  6 sphinxes
  4 shadow dragons
  Donald (Orc:2)
  4 storm dragons
  8 tengu reavers
  Roxanne (Swamp:1)
  8 fire giants
  An orc warlord (Orc:2)
  10 frost giants
  2 ghost moths (Spider:4)
  13 deep elf sorcerers
  2 iron dragons
  2 draconian scorchers
  9 emperor scorpions
  Louise (Spider:3)
  The ghost of Vesto the Carver, an adept GrFi of Okawaru (D:15)
  A cacodemon (Depths:3)
  7 deep elf elementalists
  2 draconian stormcallers (Zot:1)
  A war gargoyle (Vaults:4)
  6 vault wardens
  A draconian annihilator (Zot:1)
  4 draconian shifters (Zot:1)
  13 ironheart preservers
  7 very ugly things
  A ghoul (Vaults:4)
  19 stone giants
  4 entropy weavers
  2 green draconians
  5 vampire knights
  35 slime creatures
  Azrael (Spider:1)
  5 purple draconians
  2 white draconians
  A black draconian (Zot:1)
  4 deep elf demonologists
  14 deep elf annihilators
  7 spark wasps
  3 red draconians
  2 yellow draconians (Zot:1)
  8 deep elf death magi
  2 blizzard demons
  2 jiangshi (Depths:2)
  14 ettins
  A crystal guardian (Vaults:3)
  4 deep elf high priests
  9 fire dragons
  Josephine (D:13)
  8 great orbs of eyes
  Fannar (Lair:3)
  6 rakshasas
  9 ogre magi
  18 yaktaur captains
  18 ice dragons
  27 vault guards
  15 hydras
  2 ghost crabs
  13 centaur warriors
  A merfolk avatar (Lair:6)
  29 two-headed ogres
  2 death knights
  25 dancing weapons
  11 alligators
  13 deep troll earth magi
  A death yak (Vaults:1)
  6 tengu warriors
  A queen ant (shapeshifter) (Depths:4)
  8 deep troll shamans
  A vampire mage (Depths:2)
  Sonja (Orc:2)
  6 orc high priests
  2 spriggan berserkers
  33 deep elf knights
  A soul eater (Depths:3)
  4 skeletal warriors
  2 fire crabs (Swamp:4)
  A small abomination (Elf:3)
  4 glowing orange brains
  14 hell knights
  4 unseen horrors
  A spark wasp zombie (Depths:2)
  55 deep trolls
  A swamp dragon (shapeshifter) (Depths:1)
  A spriggan druid (Swamp:3)
  2 glowing orange brains (shapeshifter)
  A sea snake (Lair:6)
  4 flayed ghosts
  12 swamp dragons
  15 wizards
  A phantasmal warrior (Vaults:4)
  13 deep elf archers
  Pikel (D:9)
  A shambling mangrove (Swamp:4)
  12 harpies
  A tengu skeleton (Depths:3)
  16 ironbrand convokers
  11 necromancers
  40 ugly things
  28 wolf spiders
  A harpy (shapeshifter) (Vaults:5)
  6 cyclopes
  2 frost giant zombies
  22 orb spiders
  A cyclops (shapeshifter) (D:15)
  17 orc knights
  4 oklob plants (Lair:6)
  7 orc sorcerers
  3 manticores
  14 vault sentinels
  82 deep elf magi
  A black mamba (shapeshifter) (Depths:2)
  A guardian serpent (shapeshifter) (Depths:4)
  13 moths of wrath
  5 torpor snails
  3 elephants
  4 black mambas
  An orange demon (Depths:3)
  An eye of devastation (shapeshifter) (Depths:1)
  3 molten gargoyles
  2 gargoyles
  Psyche (D:8)
  5 ice statues
  A smoke demon (Volcano)
  7 spiny frogs
  5 rime drakes
  A yaktaur zombie (Vaults:3)
  A spiny frog (shapeshifter) (Depths:1)
  4 freezing wraiths
  A kobold demonologist (D:15)
  A rime drake (shapeshifter) (Depths:1)
  2 spriggan skeletons
  A redback zombie (D:15)
  2 efreet
  9 komodo dragons
  65 yaktaurs
  A tengu conjurer (Depths:1)
  12 ice devils
  8 polar bears
  15 demonic crawlers
  3 red devils
  A queen bee (shapeshifter) (Vaults:5)
  31 jumping spiders
  24 hornets
  A tyrant leech (shapeshifter) (D:15)
  10 trolls
  7 blink frogs (Lair:1)
  2 wolf spider simulacra (D:15)
  5 bog bodies
  23 tyrant leeches
  2 iron dragon simulacra (Depths:2)
  10 hippogriffs
  A meliai zombie (D:14)
  5 dream sheep (Lair:6)
  A dream sheep (shapeshifter) (Vaults:5)
  A frost giant simulacrum (Depths:3)
  2 water elementals
  A ynoxinul (Depths:3)
  10 wyverns
  12 yaks
  96 redbacks
  10 spriggans
  2 air elementals (Elf:1)
  29 tarantellas
  11 wraiths
  2 vampires
  A hog (shapeshifter) (Vaults:2)
  An ettin skeleton (Vaults:3)
  2 fire bats (Volcano)
  A human (shapeshifter) (Depths:2)
  4 hungry ghosts
  A golden eye (shapeshifter) (Vaults:5)
  3 fire elementals
  A redback simulacrum (D:15)
  2 basilisks
  Grum (D:10)
  A steam dragon (Swamp:4)
  3 insubstantial wisps (Swamp:1)
  Menkaure (D:7)
  7 vampire mosquitoes
  9 wargs
  2 nagas (shapeshifter)
  20 swamp worms
  14 water moccasins
  An acid dragon (Vaults:1)
  A floating eye (Depths:4)
  5 hell hounds
  7 sky beasts
  A sky beast (shapeshifter) (Vaults:1)
  4 porcupines
  65 orc warriors
  A phantom (D:10)
  An eye of draining (D:11)
  A necrophage (D:10)
  An eye of draining (shapeshifter) (Vaults:3)
  4 ice beasts
  A slave (D:9)
  17 swamp drakes
  28 centaurs
  38 ogres
  5 boggarts
  5 wolves
  12 crocodiles
  A human zombie (Vaults:3)
  A big kobold (shapeshifter) (Vaults:5)
  8 big kobolds
  22 bullfrogs
  3 earth elementals
  A gnoll sergeant (D:7)
  A wyvern skeleton (D:14)
  3 scorpions
  A hornet simulacrum (D:15)
  3 killer bees (D:9)
  10 wights
  5 howler monkeys
  2 electric eels
  4 lava snakes (Volcano)
  2 bullfrog zombies
  4 centaur zombies
  10 crimson imps
  3 draconian simulacra (IceCv)
  17 orc wizards
  3 centaur skeletons
  7 hounds
  5 bullfrog skeletons
  43 orc priests
  6 iguanas
  11 worker ants
  2 troll simulacra (IceCv)
  8 centaur simulacra
  A worker ant zombie (D:11)
  4 adders
  8 gnolls
  2 howler monkey skeletons
  3 naga simulacra (IceCv)
  An ogre simulacrum (IceCv)
  3 river rats (Sewer)
  A shadow imp (D:12)
  12 white imps (Lair:2)
  An ufetubus (Vaults:1)
  3 oozes
  2 adder skeletons (D:8)
  2 worms (Lair:3)
  A dart slug (D:1)
  9 leopard geckos
  139 orcs
  7 bats
  10 giant cockroaches
  8 hobgoblins
  15 jackals
  6 quokkas
  A ball python (D:5)
  5 frilled lizards
  3 goblins
  A jackal skeleton (D:7)
  A jackal zombie (D:5)
  24 kobolds
  2 leopard gecko skeletons
  A quokka skeleton (D:4)
  8 rats
  3 crawling corpses
  2 fungi
  4 plants
2192 creatures vanquished.

Vanquished Creatures (collateral kills)
  A lich (Depths:2)
  A wizard (Depths:2)
2 creatures vanquished.

Vanquished Creatures (others)
  A fire giant (Vaults:4)
  A hydra (Swamp:4)
  A deep elf archer (Elf:1)
  A lindwurm (Swamp:4)
  A deep elf mage (Elf:2)
  A freezing wraith (Vaults:4)
  A demonic crawler (Spider:1)
  3 steam dragons (Swamp:4)
  4 swamp drakes (Swamp:4)
  An orc warrior (Vaults:4)
  An ogre (Vaults:4)
  An orc (D:9)
  A butterfly (Lair:1)
  19 fungi
  26 plants
63 creatures vanquished.

Grand Total: 2257 creatures vanquished

Notes
Turn   | Place    | Note
-------+----------+-------------------------------------------
     0 | D:1      | Rrauwl the Gnoll Warper began the quest for the Orb.
     0 | D:1      | Reached XP level 1. HP: 20/20 MP: 6/6
   298 | D:1      | Reached XP level 2. HP: 18/26 MP: 7/7
   536 | D:1      | Reached XP level 3. HP: 31/31 MP: 9/9
   585 | D:1      | Reached skill level 5 in Spellcasting
   968 | D:2      | Reached skill level 1 in Invocations
  1013 | D:2      | Reached skill level 1 in Short Blades
  1013 | D:2      | Reached skill level 1 in Axes
  1013 | D:2      | Reached skill level 1 in Maces & Flails
  1013 | D:2      | Reached skill level 1 in Polearms
  1013 | D:2      | Reached skill level 1 in Staves
  1013 | D:2      | Reached skill level 1 in Slings
  1013 | D:2      | Reached skill level 1 in Bows
  1013 | D:2      | Reached skill level 1 in Crossbows
  1013 | D:2      | Reached skill level 1 in Stealth
  1013 | D:2      | Reached skill level 1 in Shields
  1013 | D:2      | Reached skill level 1 in Unarmed Combat
  1013 | D:2      | Reached skill level 1 in Evocations
  1013 | D:2      | Reached XP level 4. HP: 22/38 MP: 2/11
  1351 | D:2      | Reached skill level 1 in Conjurations
  1351 | D:2      | Reached skill level 1 in Hexes
  1351 | D:2      | Reached skill level 1 in Charms
  1351 | D:2      | Reached skill level 1 in Summonings
  1351 | D:2      | Reached skill level 1 in Necromancy
  1351 | D:2      | Reached skill level 1 in Transmutations
  1351 | D:2      | Reached skill level 1 in Fire Magic
  1351 | D:2      | Reached skill level 1 in Ice Magic
  1351 | D:2      | Reached skill level 1 in Air Magic
  1351 | D:2      | Reached skill level 1 in Earth Magic
  1351 | D:2      | Reached skill level 1 in Poison Magic
  1568 | D:2      | Reached XP level 5. HP: 35/43 MP: 10/12
  2276 | D:3      | Reached XP level 6. HP: 50/50 MP: 13/13
  2286 | D:3      | Reached skill level 5 in Fighting
  2286 | D:3      | Reached skill level 5 in Long Blades
  2286 | D:3      | Reached skill level 5 in Dodging
  2606 | D:3      | Found a glowing drain.
  2611 | Sewer    | Entered a sewer
  2719 | Sewer    | Reached XP level 7. HP: 52/56 MP: 13/15
  2769 | Sewer    | Found a white marble altar of Elyvilon.
  3047 | D:4      | Found an iron altar of Okawaru.
  3050 | D:4      | Became a worshipper of Warmaster Okawaru
  3128 | D:4      | Found a blossoming altar of Fedhas.
  3539 | D:5      | Entered Level 5 of the Dungeon
  3569 | D:5      | Found a transporter.
  3707 | D:5      | Reached XP level 8. HP: 11/63 MP: 0/16
  3716 | D:5      | Reached * piety under Okawaru
  3888 | D:5      | Found a transporter.
  4091 | D:5      | Noticed P0WERM0DE's ghost (novice DDFi)
  4716 | D:6      | Found Oniedd's Gadget Shoppe.
  4737 | D:6      | Found a staircase to the Ecumenical Temple.
  4758 | Temple   | Entered the Ecumenical Temple
  5035 | D:6      | Found Huckij's Gadget Emporium.
  5040 | D:6      | Found Siypeann's Antique Armour Shop.
  5166 | D:6      | Bought a pair of runed boots for 172 gold pieces
  5166 | D:6      | Bought a jewelled cloak for 218 gold pieces
  5176 | D:6      | Identified the cursed +0 cloak of Cyhuh {Dex+2} (You bought
                  | it in a shop on level 6 of the Dungeon)
  5246 | D:6      | Found Unas's Distillery.
  5254 | D:6      | Bought a potion of heal wounds for 55 gold pieces
  5462 | D:6      | Found Iboluc's Magic Scroll Boutique.
  5465 | D:6      | Bought a scroll of fog for 24 gold pieces
  5656 | D:7      | Noticed Menkaure
  5678 | D:7      | Killed Menkaure
  5678 | D:7      | Reached ** piety under Okawaru
  5869 | D:7      | Reached XP level 9. HP: 32/69 MP: 8/18
  5975 | D:7      | Found Kiryrah's Antique Weapon Boutique.
  6071 | D:7      | Found a deep blue altar of Sif Muna.
  6438 | D:8      | Reached skill level 5 in Throwing
  6438 | D:8      | Reached skill level 5 in Armour
  6551 | D:8      | Noticed a two-headed ogre
  6563 | D:8      | Killed a two-headed ogre
  6563 | D:8      | Reached skill level 5 in Invocations
  6569 | D:8      | Reached *** piety under Okawaru
  6861 | D:8      | Noticed Psyche
  6866 | D:8      | Killed Psyche
  6866 | D:8      | Reached XP level 10. HP: 72/77 MP: 20/20
  6971 | D:8      | Received a gift from Okawaru
  7171 | D:9      | Learned a level 2 spell: Blink
  7175 | D:9      | Learned a level 3 spell: Lesser Beckoning
  7271 | D:9      | Reached skill level 5 in Short Blades
  7271 | D:9      | Reached skill level 5 in Axes
  7271 | D:9      | Reached skill level 5 in Maces & Flails
  7271 | D:9      | Reached skill level 5 in Polearms
  7271 | D:9      | Reached skill level 5 in Staves
  7271 | D:9      | Reached skill level 5 in Slings
  7271 | D:9      | Reached skill level 5 in Bows
  7271 | D:9      | Reached skill level 5 in Crossbows
  7271 | D:9      | Reached skill level 5 in Stealth
  7271 | D:9      | Reached skill level 5 in Shields
  7271 | D:9      | Reached skill level 5 in Unarmed Combat
  7271 | D:9      | Reached skill level 5 in Evocations
  7615 | D:9      | Found a staircase to the Orcish Mines.
  7615 | D:9      | Found Pait's Weapon Shoppe.
  7615 | D:9      | Found Ezuhifogac's Armour Shoppe.
  7880 | D:9      | Found a staircase to the Lair.
  8034 | D:9      | Noticed Pikel
  8058 | D:9      | Killed Pikel
  8058 | D:9      | Reached **** piety under Okawaru
  8183 | Lair:1   | Entered Level 1 of the Lair of Beasts
  8558 | Lair:1   | Found a dark tunnel.
  8567 | Volcano  | Entered a volcano
  9163 | Volcano  | Found a radiant altar of Vehumet.
  9163 | Volcano  | Noticed a smoke demon
  9209 | Volcano  | Killed a smoke demon
  9209 | Volcano  | Reached ***** piety under Okawaru
  9209 | Volcano  | Reached XP level 11. HP: 43/84 MP: 4/22
  9470 | Volcano  | Noticed a red ugly thing
  9480 | Volcano  | Killed a red ugly thing
  9480 | Volcano  | Received a gift from Okawaru
  9494 | Volcano  | Noticed an orc sorcerer
  9502 | Volcano  | Paralysed by an orc sorcerer for 7 turns
  9506 | Volcano  | Noticed a soul eater
  9526 | Volcano  | Killed an orc sorcerer
  9557 | Volcano  | Reached skill level 5 in Conjurations
  9557 | Volcano  | Reached skill level 5 in Hexes
  9557 | Volcano  | Reached skill level 5 in Charms
  9557 | Volcano  | Reached skill level 5 in Summonings
  9557 | Volcano  | Reached skill level 5 in Necromancy
  9557 | Volcano  | Reached skill level 5 in Transmutations
  9557 | Volcano  | Reached skill level 5 in Fire Magic
  9557 | Volcano  | Reached skill level 5 in Ice Magic
  9557 | Volcano  | Reached skill level 5 in Air Magic
  9557 | Volcano  | Reached skill level 5 in Earth Magic
  9557 | Volcano  | Reached skill level 5 in Poison Magic
 10856 | Lair:1   | Received a gift from Okawaru
 11055 | Lair:2   | Found a frozen archway.
 11063 | IceCv    | Entered an ice cave
 11636 | IceCv    | Noticed a necromancer
 11646 | IceCv    | Killed a necromancer
 11646 | IceCv    | Reached XP level 12. HP: 93/93 MP: 24/24
 12154 | IceCv    | Received a gift from Okawaru
 12289 | Lair:2   | Received a gift from Okawaru
 12290 | Lair:2   | Found the +7 longbow "Piercer" {penet, EV-2}
 12721 | Lair:2   | Learned a level 3 spell: Teleport Other
 12790 | Lair:2   | Noticed Gastronok
 13019 | Lair:2   | Killed Gastronok
 13866 | D:10     | Entered Level 10 of the Dungeon
 14016 | D:10     | Received a gift from Okawaru
 14175 | D:10     | Noticed Grum
 14180 | D:10     | Killed Grum
 14514 | D:11     | Noticed a six-headed hydra
 14531 | D:11     | Killed a one-headed hydra
 14531 | D:11     | Received a gift from Okawaru
 14985 | D:11     | Received a gift from Okawaru
 15288 | D:11     | Found an ancient bone altar of Kikubaaqudgha.
 15294 | D:11     | Reached XP level 13. HP: 95/101 MP: 26/26
 15950 | Lair:3   | Got an ancient chain mail
 15952 | Lair:3   | Found a hole to the Spider Nest.
 16050 | Lair:3   | Identified the +8 chain mail "Xiter" {Str+2 SInv} (You
                  | found it on level 3 of the Lair of Beasts)
 16312 | Lair:3   | Noticed Fannar
 16334 | Lair:3   | Killed Fannar
 17369 | Lair:4   | Found a staircase to the Swamp.
 17942 | Lair:5   | Learned a level 2 spell: Passwall
 18277 | Lair:5   | Received a gift from Okawaru
 18397 | Lair:6   | Entered Level 6 of the Lair of Beasts
 18568 | Lair:6   | Received a gift from Okawaru
 19308 | Lair:6   | Reached ****** piety under Okawaru
 19700 | Lair:5   | Received a gift from Okawaru
 19857 | Lair:6   | Found a burning altar of Makhleb.
 19877 | Lair:6   | Reached skill level 10 in Spellcasting
 20184 | Lair:6   | Reached XP level 14. HP: 86/109 MP: 28/28
 20276 | Lair:6   | Found a viscous altar of Jiyva.
 20276 | Lair:6   | Found a staircase to the Slime Pits.
 21920 | D:12     | Reached skill level 10 in Fighting
 21920 | D:12     | Reached skill level 10 in Long Blades
 21920 | D:12     | Reached skill level 10 in Dodging
 22582 | D:12     | Noticed Rupert
 22602 | D:12     | Killed Rupert
 22602 | D:12     | Received a gift from Okawaru
 22964 | D:13     | Noticed Josephine
 22969 | D:13     | Killed Josephine
 23325 | D:13     | Reached skill level 10 in Invocations
 24409 | D:14     | Found a hide-covered altar of Uskayaw.
 24556 | D:14     | Received a gift from Okawaru
 24814 | D:14     | Reached XP level 15. HP: 112/117 MP: 29/29
 25128 | D:14     | Found a gate to the Vaults.
 25292 | D:13     | Reached skill level 10 in Throwing
 25292 | D:13     | Reached skill level 10 in Armour
 25542 | D:15     | Entered Level 15 of the Dungeon
 25882 | D:15     | Found a runed gate.
 25882 | D:15     | Found a runed gate.
 25891 | D:15     | Found a runed gate.
 26126 | D:15     | Received a gift from Okawaru
 26135 | D:15     | Got a pair of bloodstained gloves {god gift}
 26146 | D:15     | Identified the +3 pair of gloves of Surprise {MR+ Int+2}
                  | (Okawaru gifted it to you on level 15 of the Dungeon)
 26204 | D:15     | Noticed Vesto's ghost (adept GrFi)
 26581 | D:15     | Found a staircase to the Depths.
 26660 | D:15     | Found a bloodstained altar of Trog.
 26882 | D:15     | Reached skill level 10 in Translocations
 27470 | D:15     | Killed Vesto's ghost
 27470 | D:15     | Reached skill level 10 in Short Blades
 27470 | D:15     | Reached skill level 10 in Axes
 27470 | D:15     | Reached skill level 10 in Maces & Flails
 27470 | D:15     | Reached skill level 10 in Polearms
 27470 | D:15     | Reached skill level 10 in Staves
 27470 | D:15     | Reached skill level 10 in Slings
 27470 | D:15     | Reached skill level 10 in Bows
 27470 | D:15     | Reached skill level 10 in Crossbows
 27470 | D:15     | Reached skill level 10 in Stealth
 27470 | D:15     | Reached skill level 10 in Shields
 27470 | D:15     | Reached skill level 10 in Unarmed Combat
 27470 | D:15     | Reached skill level 10 in Evocations
 27678 | Orc:1    | Entered Level 1 of the Orcish Mines
 28499 | Orc:2    | Entered Level 2 of the Orcish Mines
 28597 | Orc:2    | Noticed Sonja
 28602 | Orc:2    | Noticed Donald
 29654 | Orc:2    | Killed Sonja
 29708 | Orc:2    | Killed Donald
 29790 | Orc:2    | Received a gift from Okawaru
 30249 | Orc:2    | Found Paagadonk's Assorted Antiques.
 30265 | Orc:2    | Bought a dented copper amulet for 125 gold pieces
 30271 | Orc:2    | Found Obumumih's Armour Shop.
 30328 | Orc:2    | Found a roughly hewn altar of Beogh.
 30373 | Orc:2    | Received a gift from Okawaru
 30496 | Orc:2    | Noticed an orc warlord
 30527 | Orc:2    | Killed an orc warlord
 30527 | Orc:2    | Received a gift from Okawaru
 30963 | Orc:2    | Received a gift from Okawaru
 30963 | Orc:2    | Reached XP level 16. HP: 125/125 MP: 31/31
 30977 | Orc:2    | Found Mira's Armour Shop.
 31008 | Orc:2    | Found a roughly hewn altar of Beogh.
 31067 | Orc:2    | Found Vytror's Distillery.
 31089 | Orc:2    | Bought a potion of resistance for 140 gold pieces
 31089 | Orc:2    | Bought 2 potions of agility for 112 gold pieces
 31089 | Orc:2    | Bought a potion of heal wounds for 70 gold pieces
 31588 | Orc:2    | Found a staircase to the Elven Halls.
 31655 | Orc:2    | Gained mutation: Scrolls take you a little longer to read.
                  | [a neqoxec]
 31661 | Orc:2    | Received a gift from Okawaru
 31752 | Orc:2    | Learned a level 5 spell: Bolt of Magma
 31757 | Orc:2    | Learned a level 4 spell: Petrify
 32142 | Depths:1 | Entered Level 1 of the Depths
 33509 | Elf:1    | Entered Level 1 of the Elven Halls
 33526 | Orc:2    | Received a gift from Okawaru
 33832 | Orc:2    | Received a gift from Okawaru
 34783 | Orc:2    | Received a gift from Okawaru
 34860 | Elf:1    | Lost mutation: Scrolls take you a little longer to read.
                  | [potion of mutation]
 34860 | Elf:1    | Gained mutation: You are partially covered in molten
                  | scales. (AC +2) [potion of mutation]
 34860 | Elf:1    | Gained mutation: You are surrounded by a mild repulsion
                  | field. (EV +2) [potion of mutation]
 34860 | Elf:1    | Gained mutation: Your flesh is heat resistant. (rF+)
                  | [potion of mutation]
 34860 | Elf:1    | Gained mutation: You are resistant to hostile enchantments.
                  | (MR+) [potion of mutation]
 35455 | Elf:1    | Received a gift from Okawaru
 35694 | Elf:1    | Reached XP level 17. HP: 133/133 MP: 33/33
 35715 | Elf:1    | Received a gift from Okawaru
 36928 | Swamp:1  | Entered Level 1 of the Swamp
 36933 | Swamp:1  | Noticed Roxanne
 36968 | Swamp:1  | Killed Roxanne
 37142 | Swamp:1  | Identified Roxanne's Collected Works on Stones (You took it
                  | off Roxanne on level 1 of the Swamp)
 38226 | Swamp:2  | Received a gift from Okawaru
 38511 | Swamp:2  | Found a burning altar of Makhleb.
 40048 | Swamp:2  | Received a gift from Okawaru
 40125 | Swamp:3  | Learned a level 5 spell: Venom Bolt
 40241 | Swamp:3  | Reached XP level 18. HP: 47/141 MP: 34/34
 40561 | Swamp:3  | Learned a level 1 spell: Animate Skeleton
 40563 | Swamp:3  | Learned a level 1 spell: Apportation
 40922 | Swamp:3  | Received a gift from Okawaru
 40922 | Swamp:3  | Reached skill level 10 in Conjurations
 40922 | Swamp:3  | Reached skill level 10 in Hexes
 40922 | Swamp:3  | Reached skill level 10 in Charms
 40922 | Swamp:3  | Reached skill level 10 in Summonings
 40922 | Swamp:3  | Reached skill level 10 in Necromancy
 40922 | Swamp:3  | Reached skill level 10 in Transmutations
 40922 | Swamp:3  | Reached skill level 10 in Fire Magic
 40922 | Swamp:3  | Reached skill level 10 in Ice Magic
 40922 | Swamp:3  | Reached skill level 10 in Air Magic
 40922 | Swamp:3  | Reached skill level 10 in Earth Magic
 40922 | Swamp:3  | Reached skill level 10 in Poison Magic
 41249 | Swamp:4  | Entered Level 4 of the Swamp
 41741 | Swamp:4  | Received a gift from Okawaru
 42209 | Swamp:4  | Received a gift from Okawaru
 42347 | Swamp:4  | Got a decaying rune of Zot
 42782 | Swamp:4  | Reached XP level 19. HP: 126/148 MP: 35/35
 43654 | D:9      | Bought the +8 crystal plate armour of the Princeling {rPois
                  | Int+6 Stlth-} for 1787 gold pieces
 43738 | Spider:1 | Entered Level 1 of the Spider Nest
 44774 | Spider:1 | Noticed Asterion
 44799 | Spider:1 | Killed Asterion
 46322 | Spider:1 | Noticed Azrael
 46337 | Spider:1 | Killed Azrael
 46591 | Spider:1 | Identified a scroll of acquirement
 46592 | Spider:1 | Got a transparent helmet
 46603 | Spider:1 | Identified the +0 helmet "Utuvi" {*Contam rC+++} (You
                  | acquired it on level 1 of the Spider Nest)
 46656 | Spider:1 | You are sucked into a shaft!
 46729 | Spider:2 | Received a gift from Okawaru
 47200 | Spider:3 | Noticed Louise
 47233 | Spider:3 | Killed Louise
 47798 | Spider:3 | Received a gift from Okawaru
 48879 | Spider:4 | Entered Level 4 of the Spider Nest
 48904 | Spider:3 | Received a gift from Okawaru
 49206 | Spider:3 | Received a gift from Okawaru
 49881 | Spider:3 | Received a gift from Okawaru
 49884 | Spider:3 | Got a crude cloak {god gift}
 49895 | Spider:3 | Identified the +2 cloak of Vuenuklo {-Cast rElec rN+ SInv}
                  | (Okawaru gifted it to you on level 3 of the Spider Nest)
 50674 | Spider:4 | Reached XP level 20. HP: 135/156 MP: 37/37
 50708 | Spider:4 | Paralysed by a hornet for 2 turns
 51563 | Spider:4 | Got a gossamer rune of Zot
 52714 | Elf:2    | Identified the Incunabulum of Moulding
 52804 | Elf:2    | Found a runed gate.
 52804 | Elf:2    | Found a runed gate.
 52804 | Elf:2    | Found a runed gate.
 53184 | Elf:2    | Received a gift from Okawaru
 53735 | Elf:2    | Received a gift from Okawaru
 54166 | Elf:3    | Entered Level 3 of the Elven Halls
 54166 | Elf:3    | Found Tededgh's Armour Emporium.
 54998 | Elf:3    | Found a runed door.
 55008 | Elf:3    | Noticed kroki's ghost (veteran MiFi)
 55799 | Elf:3    | Received a gift from Okawaru
 55799 | Elf:3    | Reached XP level 21. HP: 150/164 MP: 38/38
 57050 | Elf:3    | Got a crude large shield
 57051 | Elf:3    | Identified the +8 large shield of Itor {Str+3 Slay+3} (You
                  | took it off a deep elf elementalist on level 3 of the Elven
                  | Halls)
 57336 | Elf:3    | Received a gift from Okawaru
 57493 | Elf:3    | Identified Esaux's Reference Book on Dusty Stolen Souls
 57756 | Elf:3    | Identified the +7 demon trident "Yluoq" {vamp, rPois rF+
                  | Str+2} (You took it off a deep elf sorcerer on level 3 of
                  | the Elven Halls)
 57982 | D:9      | Gained mutation: You are dopey. (Int -2) [mutagenic glow]
 58102 | Vaults:1 | Entered Level 1 of the Vaults
 58111 | Vaults:1 | Upgraded the game from 0.23-a0-143-g1adec7bb76 to
                  | 0.23-a0-150-g7664ed78f7
 59189 | Vaults:1 | Received a gift from Okawaru
 59838 | Vaults:2 | Received a gift from Okawaru
 59905 | Vaults:2 | Reached XP level 22. HP: 173/173 MP: 40/40
 60074 | Vaults:2 | Found a staircase to the Crypt.
 60074 | Vaults:2 | Found an ancient bone altar of Kikubaaqudgha.
 60075 | Vaults:2 | Found a basalt altar of Yredelemnul.
 60390 | Vaults:2 | Found Maegof's Magic Scroll Boutique.
 60418 | Vaults:2 | Bought a scroll of fog for 34 gold pieces
 60502 | Vaults:2 | Reached skill level 15 in Invocations
 60522 | Vaults:2 | Received a gift from Okawaru
 60668 | Vaults:2 | Got a faintly glowing battleaxe {god gift}
 60669 | Vaults:2 | Identified the +5 battleaxe of Gaqom {freeze, MR+} (Okawaru
                  | gifted it to you on level 2 of the Vaults)
 61214 | Vaults:3 | Received a gift from Okawaru
 61264 | Vaults:3 | Found Jyalec's General Store.
 61272 | Vaults:3 | Bought a scroll of enchant weapon for 112 gold pieces
 61272 | Vaults:3 | Bought a potion of haste for 150 gold pieces
 61272 | Vaults:3 | Bought a potion of curing for 45 gold pieces
 61272 | Vaults:3 | Bought a scroll of fog for 30 gold pieces
 61720 | Vaults:3 | Received a gift from Okawaru
 62535 | Vaults:4 | Reached skill level 15 in Spellcasting
 62896 | Vaults:4 | Received a gift from Okawaru
 62896 | Vaults:4 | Reached XP level 23. HP: 178/180 MP: 42/42
 62902 | Vaults:4 | Reached skill level 15 in Fighting
 62902 | Vaults:4 | Reached skill level 15 in Long Blades
 62902 | Vaults:4 | Reached skill level 15 in Dodging
 63334 | Vaults:4 | Got a jewelled crystal plate armour
 63345 | Vaults:4 | Identified the +1 crystal plate armour "Enwurr" {+Fly} (You
                  | acquired it on level 4 of the Vaults)
 64503 | Depths:1 | Received a gift from Okawaru
 64608 | Depths:1 | Received a gift from Okawaru
 64726 | Depths:1 | Learned a level 4 spell: Cause Fear
 64730 | Depths:1 | Learned a level 3 spell: Inner Flame
 64754 | Depths:1 | Found a gateway to Hell.
 65456 | Depths:2 | Found a one-way gate to the infinite horrors of the Abyss.
 65842 | Depths:2 | Received a gift from Okawaru
 66009 | Depths:2 | Reached skill level 15 in Throwing
 66009 | Depths:2 | Reached skill level 15 in Armour
 66502 | Depths:2 | Identified the +0 pair of boots of Resourcefulness {rPois}
                  | (Okawaru gifted it to you on level 2 of the Depths)
 67065 | Depths:2 | Noticed an ancient lich
 67091 | Depths:2 | Killed an ancient lich
 67091 | Depths:2 | Received a gift from Okawaru
 67091 | Depths:2 | Reached skill level 15 in Short Blades
 67091 | Depths:2 | Reached skill level 15 in Axes
 67091 | Depths:2 | Reached skill level 15 in Maces & Flails
 67091 | Depths:2 | Reached skill level 15 in Polearms
 67091 | Depths:2 | Reached skill level 15 in Staves
 67091 | Depths:2 | Reached skill level 15 in Slings
 67091 | Depths:2 | Reached skill level 15 in Bows
 67091 | Depths:2 | Reached skill level 15 in Crossbows
 67091 | Depths:2 | Reached skill level 15 in Stealth
 67091 | Depths:2 | Reached skill level 15 in Shields
 67091 | Depths:2 | Reached skill level 15 in Unarmed Combat
 67091 | Depths:2 | Reached skill level 15 in Evocations
 67091 | Depths:2 | Reached XP level 24. HP: 129/189 MP: 36/42
 67103 | Depths:2 | Got a bloodstained crystal plate armour {god gift}
 67114 | Depths:2 | Identified the +7 crystal plate armour "Walaibb" {*Corrode
                  | Int+4} (Okawaru gifted it to you on level 2 of the Depths)
 67140 | Depths:2 | Found the +8 longbow "Zephyr" {speed, Dex+3 SInv}
 67238 | Depths:3 | Upgraded the game from 0.23-a0-150-g7664ed78f7 to
                  | 0.23-a0-151-gf6d1ed2717
 67377 | Depths:3 | Paralysed by a floating eye for 2 turns
 67386 | Depths:3 | Paralysed by a floating eye for 4 turns
 67568 | Depths:3 | Found a gateway to a ziggurat.
 67890 | Depths:3 | Found Kutsadeywe's Antique Armour Boutique.
 67982 | Depths:3 | Bought a pair of embroidered boots for 210 gold pieces
 68085 | Depths:3 | Found a one-way gate leading to the halls of Pandemonium.
 68796 | Vaults:5 | Entered Level 5 of the Vaults
 68800 | Vaults:5 | Noticed Margery
 68823 | Vaults:5 | Killed Margery
 68823 | Vaults:5 | Received a gift from Okawaru
 68992 | Vaults:5 | Received a gift from Okawaru
 69177 | Vaults:5 | Received a gift from Okawaru
 69239 | Vaults:5 | Got a silver rune of Zot
 69631 | Vaults:5 | Learned a level 5 spell: Dispel Undead
 69638 | Vaults:5 | Learned a level 6 spell: Dispersal
 69741 | Vaults:5 | Noticed an ancient lich
 69753 | Vaults:5 | Killed an ancient lich
 69753 | Vaults:5 | Received a gift from Okawaru
 69753 | Vaults:5 | Reached XP level 25. HP: 185/197 MP: 37/43
 69840 | Vaults:5 | Received a gift from Okawaru
 69856 | Vaults:5 | Identified the +9 halberd of Blood-Lust {drain, Int+5} (You
                  | took it off a vault guard on level 5 of the Vaults)
 70774 | Vaults:5 | Received a gift from Okawaru
 70777 | Vaults:5 | Got a spiked cloak {god gift}
 70788 | Vaults:5 | Identified the +0 cloak of Surom {Dex+2} (Okawaru gifted it
                  | to you on level 5 of the Vaults)
 71690 | Depths:4 | Noticed Saint Roka
 71726 | Depths:4 | Killed Saint Roka
 72472 | Depths:4 | Paralysed by a floating eye for 4 turns
 72597 | Depths:4 | Received a gift from Okawaru
 72785 | Depths:4 | Reached XP level 26. HP: 206/206 MP: 43/43
 72884 | Depths:4 | Received a gift from Okawaru
 72968 | Depths:4 | Learned a level 6 spell: Shadow Creatures
 73075 | Depths:4 | Found Zuhe's General Store.
 73093 | Depths:4 | Bought a potion of curing for 72 gold pieces
 73093 | Depths:4 | Bought a scroll of teleportation for 72 gold pieces
 73093 | Depths:4 | Bought a scroll of fog for 48 gold pieces
 73225 | Depths:4 | Noticed Sojobo
 73277 | Depths:4 | Killed Sojobo
 73432 | Depths:5 | Entered Level 5 of the Depths
 73903 | Depths:5 | Received a gift from Okawaru
 74145 | Depths:5 | Received a gift from Okawaru
 74213 | Depths:5 | Reached skill level 15 in Translocations
 74244 | Depths:5 | Found a gate to the Realm of Zot.
 74446 | Depths:5 | Found a runed door.
 74449 | Depths:5 | Noticed Buw Zyr's ghost (adept MiFi)
 74516 | Zot:1    | Entered Level 1 of the Realm of Zot
 74617 | Zot:1    | Received a gift from Okawaru
 74847 | Zot:1    | HP: 7/208 [deathcap/drain life[a curse toe] (15)]
 74864 | Zot:1    | HP: 6/208 [acid (9)]
 74876 | Zot:1    | HP: 10/208 [golden dragon (6)]
 74879 | Zot:1    | Gained mutation: Armour fits poorly on your strangely
                  | shaped body. [an orb of fire]
 74880 | Zot:1    | Noticed an orb of fire
 74881 | Zot:1    | HP: 7/208 [yellow draconian scorcher/fireball (5)]
 74883 | Zot:1    | Killed from afar by an orb of fire

Vault maps used:
D:1:      ncdulo_lavacross
D:2:      cheibrodos_pilgrimage, first_ration, grunt_ministairs_6
D:3:      portal_sewer_entry_e
D:4:      lemuel_round_altar, serial_glass, glass_columns_a, glass_columns_a,
          okawaru_metal_pillars_1_2
D:5:      gammafunk_ghost_stat_death, eino_tiny_chamber,
          minmay_misc_feat_columns
D:6:      temple_statues, serial_shops, shop, nicolae_shop_window_shopping,
          nicolae_shop_trees, shop, shop
D:7:      basic_altar, serial_shops, kennysheep_mini_moat, uniq_menkaure
D:8:      grunt_pizzeria, uniq_psyche
D:9:      dpeg_oklobed_lair, orc_david_3, uniq_pikel
D:10:     uniq_grum
D:11:     basic_altar, grunt_ministairs_9
D:12:     uniq_rupert
D:13:     minivault_1, minivault_23, uniq_josephine
D:14:     david_vaults_1, basic_altar, minmay_misc_feat_pillars
D:15:     gammafunk_enter_depths_forms, dk_noncrumbling_4, gammafunk_ghost_icy,
          trog_ov_bears_minmay
Temple:   minmay_crystal_snake_temple
Lair:1:   nicolae_volcano_entry_lava_flow, minivault_25, lemuel_fruit_fields
Lair:2:   wad_woods_tower, portal_ice_cave_entry_imps, uniq_gastronok
Lair:3:   nicolae_spider_entry_non_spiders, uniq_fannar
Lair:4:   minmay_swamp_entry_worms
Lair:6:   gammafunk_lair_ancient_temple, slime_altar_1, lemuel_altar_in_water2,
          minmay_lair_oklob_chamber
Swamp:1:  hangedman_swamp_lotus, uniq_roxanne
Swamp:2:  basic_altar
Swamp:3:  evilmike_swamp_ruin_house_2, swamp_pool1
Swamp:4:  swamp_fiery, swamp_pool2, worms_lemuel
Spider:1: uniq_azrael, uniq_asterion
Spider:2: hangedman_spider_mandibles
Spider:3: hive_lemuel, uniq_louise
Spider:4: guppyfry_spider_rune
Orc:2:    pubby_orc_utopia, uniq_donald, uniq_sonja
Elf:1:    elf_arrival_002, hangedman_elf_disciples
Elf:3:    minmay_elf_hall_spiked, serial_shops, nicolae_shop_stone,
          ebering_ghost_inner_flame, grunt_megastairs_2
Vaults:1: hangedman_vaults_stretched_pinwheel, vaults_room_hangedman_quadrants,
          v_misc_8, vaults_mumra_minichess, ontoclasm_vaults_twist, v_misc_28,
          ontoclasm_vaults_ring_large, v_alt_pattern_3, v_misc_26,
          grunt_vaults_hallway_short, nicolae_vaults_ring_of_whatevers,
          vaults_dpeg_cross, serial_ice_m, nicolae_vaults_alarming
Vaults:2: v_rooms_1, ontoclasm_vaults_hangar, v_misc_1,
          hangedman_vaults_stagger, vaults_room_door_hall,
          nicolae_vaults_big_ls, special_room_vaults,
          minmay_crypt_entry_necro_gods, nicolae_vaults_asterisk,
          nicolae_vaults_little_squares_1, vaults_room_corners, serial_shops,
          shop
Vaults:3: vaults_room_door_ring, v_misc_33, nicolae_vaults_ring_of_whatevers,
          ontoclasm_vaults_loading_screen, nicolae_vaults_yaktaur_gun_rack,
          vaults_room_boxed, nicolae_vaults_theta,
          nicolae_vaults_little_squares_2, serial_shops, nicolae_shop_crystal
Vaults:4: hangedman_vaults_impose, hangedman_vaults_slither, v_misc_11,
          hangedman_vaults_trim, ontoclasm_vaults_ring_small,
          hangedman_vaults_capsules, vaults_room_semicircle,
          vaults_room_stairs_pillars
Vaults:5: serial_shops, uniq_margery
Depths:1: hell_entry, lemuel_statue_altar, minmay_fountain_box,
          minmay_hollow_rounded_squares, serial_bayou_shore_b
Depths:2: cheibrodos_cascadia, abyss_entry, hell_entry, eino_curves_01
Depths:3: onia_ninara_swampy_vault, enter_ziggurat_c, rand_demon_pan_entry_8,
          serial_glass, glass_columns_a, glass_columns_a, hell_entry,
          serial_shops, nicolae_shop_statue_plus
Depths:4: minmay_the_grid_triangle_9x9_rhombus_thin_mashed, abyss_entry,
          hell_entry, kennysheep_windowed_goal, serial_bayou_shore_b,
          basic_stair_grate_trap, minmay_staircase_windowed_large, uniq_sojobo,
          uniq_saint_roka
Depths:5: grunt_twist_and_shout, nicolae_twisting_strands, hell_entry,
          ebering_ghost_inner_flame
Zot:1:    grunt_ministairs_2
Sewer:    sewer_kobolds
IceCv:    ice_cave_tombish
Volcano:  volcano_lake

Skill      XL: |  1  2  3  4  5  6  7  8  9 10 11 12 13 14 15 16 17 18 19 20 21 22 23 24 25 26 |
---------------+-------------------------------------------------------------------------------+-----
Spellcasting   | 5 6 7 8 9 10 11 12 13 14 15 16 17 | 17.1
Invocations    | 1 2 3 4 5 6 7 8 9 10 11 12 13 14 15 16 17 | 17.9
Short Blades   | 1 2 3 4 5 6 7 8 9 10 11 12 13 14 15 16 | 16.6
Axes           | 1 2 3 4 5 6 7 8 9 10 11 12 13 14 15 16 | 16.6
Maces & Flails | 1 2 3 4 5 6 7 8 9 10 11 12 13 14 15 16 | 16.6
Polearms       | 1 2 3 4 5 6 7 8 9 10 11 12 13 14 15 16 | 16.6
Staves         | 1 2 3 4 5 6 7 8 9 10 11 12 13 14 15 16 | 16.6
Slings         | 1 2 3 4 5 6 7 8 9 10 11 12 13 14 15 16 | 16.6
Bows           | 1 2 3 4 5 6 7 8 9 10 11 12 13 14 15 16 | 16.6
Crossbows      | 1 2 3 4 5 6 7 8 9 10 11 12 13 14 15 16 | 16.6
Stealth        | 1 2 3 4 5 6 7 8 9 10 11 12 13 14 15 16 | 16.6
Shields        | 1 2 3 4 5 6 7 8 9 10 11 12 13 14 15 16 | 16.6
Unarmed Combat | 1 2 3 4 5 6 7 8 9 10 11 12 13 14 15 16 | 16.6
Evocations     | 1 2 3 4 5 6 7 8 9 10 11 12 13 14 15 16 | 16.6
Conjurations   | 1 2 3 4 5 6 7 8 9 10 11 12 13 14 | 14.3
Hexes          | 1 2 3 4 5 6 7 8 9 10 11 12 13 14 | 14.3
Charms         | 1 2 3 4 5 6 7 8 9 10 11 12 13 14 | 14.3
Summonings     | 1 2 3 4 5 6 7 8 9 10 11 12 13 14 | 14.3
Necromancy     | 1 2 3 4 5 6 7 8 9 10 11 12 13 14 | 14.3
Transmutations | 1 2 3 4 5 6 7 8 9 10 11 12 13 14 | 14.3
Fire Magic     | 1 2 3 4 5 6 7 8 9 10 11 12 13 14 | 14.3
Ice Magic      | 1 2 3 4 5 6 7 8 9 10 11 12 13 14 | 14.3
Air Magic      | 1 2 3 4 5 6 7 8 9 10 11 12 13 14 | 14.3
Earth Magic    | 1 2 3 4 5 6 7 8 9 10 11 12 13 14 | 14.3
Poison Magic   | 1 2 3 4 5 6 7 8 9 10 11 12 13 14 | 14.3
Throwing       | 3 4 5 6 7 8 9 10 11 12 13 14 15 16 | 16.7
Armour         | 3 4 5 6 7 8 9 10 11 12 13 14 15 16 | 16.7
Fighting       | 5 6 7 8 9 10 11 12 13 14 15 16 17 | 17.1
Long Blades    | 5 6 7 8 9 10 11 12 13 14 15 16 17 | 17.1
Dodging        | 5 6 7 8 9 10 11 12 13 14 15 16 17 | 17.1
Translocations | 6 7 8 9 10 11 12 13 14 15 | 15.1

Action                   |  1- 3 |  4- 6 |  7- 9 | 10-12 | 13-15 | 16-18 | 19-21 | 22-24 | 25-27 || total
-------------------------+-------+-------+-------+-------+-------+-------+-------+-------+-------++-------
Melee: Dagger            |    74 |   134 |       |       |       |       |       |       |       ||   208
       Falchion          |     5 |       |       |       |       |       |       |       |       ||     5
       Bite              |     2 |    19 |    42 |   106 |    78 |    35 |   209 |   565 |   324 ||  1380
       Punch             |       |     1 |     4 |     7 |       |       |    22 |       |       ||    34
       War axe           |       |    33 |   296 |   212 |       |       |       |       |       ||   541
       Dire flail        |       |       |    23 |       |       |       |       |       |       ||    23
       Glaive            |       |       |       |   630 |   564 |   232 |   343 |       |       ||  1769
       Battleaxe         |       |       |       |     8 |    12 |       |       |       |       ||    20
       Great mace        |       |       |       |       |    18 |     8 |       |       |       ||    26
       Executioner's axe |       |       |       |       |    23 |     6 |       |       |       ||    29
       Demon trident     |       |       |       |       |       |       |  1134 |  2923 |  1687 ||  5744
 Fire: Longbow           |       |       |       |     6 |   812 |   917 |  1286 |       |       ||  3021
Throw: Tomahawk          |       |       |       |     2 |     3 |       |       |       |       ||     5
 Cast: Venom Bolt        |       |       |       |       |       |       |       |    12 |       ||    12
       Cause Fear        |       |       |       |       |       |       |       |       |     2 ||     2
       Bolt of Magma     |       |       |       |       |       |       |       |       |     8 ||     8
       Blink             |       |       |       |       |       |       |       |       |     1 ||     1
       Passwall          |       |       |       |       |       |       |       |       |     1 ||     1
Invok: Heroism           |       |       |     4 |    11 |     8 |    19 |    27 |    10 |     7 ||    86
       Finesse           |       |       |       |     2 |     4 |     2 |       |     3 |     2 ||    13
 Abil: Stop Flying       |       |       |       |     1 |       |       |       |     1 |       ||     2
       Evoke Flight      |       |       |       |       |       |     1 |       |       |       ||     1
Evoke: Wand              |       |       |    12 |    20 |     7 |     6 |     2 |     3 |     6 ||    56
       Lamp of fire      |       |       |       |       |     1 |     1 |     2 |       |       ||     4
       Fan of gales      |       |       |       |       |     1 |       |       |       |       ||     1
       Box of beasts     |       |       |       |       |       |       |       |     1 |       ||     1
       Sack of spiders   |       |       |       |       |       |       |       |     1 |       ||     1
  Use: Potion            |     3 |     5 |     3 |    13 |    13 |    11 |     3 |     2 |    10 ||    63
       Scroll            |     4 |     3 |     5 |    10 |    10 |     7 |    12 |    13 |     4 ||    68
 Stab: Sleeping          |       |     2 |     3 |    11 |       |       |     5 |     9 |       ||    30
       Distracted        |       |       |     1 |     3 |       |       |       |     3 |     1 ||     8
       Confused          |       |       |       |       |       |     2 |       |       |     1 ||     3
       Petrifying        |       |       |       |       |       |       |       |       |     1 ||     1
  Eat: Chunk             |       |     6 |    10 |    13 |    28 |    15 |    33 |    19 |    15 ||   139
       Ration            |       |       |     1 |     6 |     7 |     6 |     8 |     5 |     1 ||    34
Armor: Leather armour    |    14 |    29 |    22 |       |       |       |       |       |       ||    65
       Skin              |     2 |       |       |    29 |       |       |       |       |       ||    31
       Ring mail         |       |       |    24 |   278 |    21 |       |       |       |       ||   323
       Chain mail        |       |       |    44 |   107 |   753 |   435 |    95 |   371 |       ||  1805
       Crystal plate arm |       |       |       |       |       |       |  1999 |   202 |   665 ||  2866
Dodge: Dodged            |    43 |    91 |   217 |   895 |   881 |   513 |  1283 |   696 |   590 ||  5209
Block: Large shield      |       |       |       |       |       |       |   483 |  2759 |  1940 ||  5182
       Rpst.: Falchion   |     1 |       |       |       |       |       |       |       |       ||     1

Table legend:
 A = Non-vault XP
 B = Vault XP
 C = Vault XP percentage of total XP
 D = Non-vault monster count
 E = Vault monster count
 F = Vault count percentage of total count
                 A         B        C        D         E       F
            +---------+---------+-------+---------+---------+-------
      Total |  625167 |  528707 |  45.8 |    1393 |     796 |  36.4
            +---------+---------+-------+---------+---------+-------
        D:1 |      42 |       0 |   0.0 |      17 |       0 |   0.0
        D:2 |      48 |      98 |  67.1 |      20 |       9 |  31.0
        D:3 |     342 |       0 |   0.0 |      21 |       0 |   0.0
        D:4 |     318 |       0 |   0.0 |      13 |       0 |   0.0
        D:5 |     796 |       0 |   0.0 |      27 |       0 |   0.0
        D:6 |     265 |       0 |   0.0 |      12 |       0 |   0.0
        D:7 |     701 |     169 |  19.4 |      26 |       1 |   3.7
        D:8 |    1758 |     621 |  26.1 |      20 |       2 |   9.1
        D:9 |    1681 |     941 |  35.9 |      25 |       7 |  21.9
       D:10 |    1542 |     408 |  20.9 |      25 |       3 |  10.7
       D:11 |    4769 |     678 |  12.4 |      43 |       2 |   4.4
       D:12 |    3448 |    2578 |  42.8 |      27 |       1 |   3.6
       D:13 |   10662 |    1903 |  15.1 |      31 |       5 |  13.9
       D:14 |   10705 |    2620 |  19.7 |      36 |       5 |  12.2
       D:15 |    9818 |   10254 |  51.1 |      39 |      25 |  39.1
     Lair:1 |    4482 |       0 |   0.0 |      23 |       0 |   0.0
     Lair:2 |    2146 |    3964 |  64.9 |      10 |      19 |  65.5
     Lair:3 |    7478 |    1250 |  14.3 |      20 |       9 |  31.0
     Lair:4 |    3597 |     428 |  10.6 |      15 |       2 |  11.8
     Lair:5 |    1943 |     721 |  27.1 |       6 |       2 |  25.0
     Lair:6 |    5206 |   11746 |  69.3 |      19 |      30 |  61.2
    Swamp:1 |    8163 |    1904 |  18.9 |      26 |       1 |   3.7
    Swamp:2 |   10564 |       0 |   0.0 |      22 |       0 |   0.0
    Swamp:3 |    9961 |    2642 |  21.0 |      25 |       5 |  16.7
    Swamp:4 |    6171 |   17744 |  74.2 |      16 |      36 |  69.2
   Spider:1 |   17302 |    4515 |  20.7 |      52 |       7 |  11.9
   Spider:2 |   10130 |       0 |   0.0 |      34 |       0 |   0.0
   Spider:3 |   21804 |    2552 |  10.5 |      62 |       4 |   6.1
   Spider:4 |   12615 |   23436 |  65.0 |      36 |      36 |  50.0
      Orc:1 |    2827 |     172 |   5.7 |      28 |      14 |  33.3
      Orc:2 |    5728 |   23498 |  80.4 |       8 |     136 |  94.4
      Elf:1 |   32420 |    6445 |  16.6 |      48 |      11 |  18.6
      Elf:2 |   16898 |   31287 |  64.9 |      25 |      31 |  55.4
      Elf:3 |   10128 |   43198 |  81.0 |      16 |      34 |  68.0
   Vaults:1 |   30112 |   17970 |  37.4 |      44 |      26 |  37.1
   Vaults:2 |   32438 |   22283 |  40.7 |      48 |      52 |  52.0
   Vaults:3 |   44630 |    2442 |   5.2 |      78 |      10 |  11.4
   Vaults:4 |   50802 |   10694 |  17.4 |      74 |      15 |  16.9
   Vaults:5 |   24575 |  144862 |  85.5 |      43 |     101 |  70.1
   Depths:1 |   32877 |   15852 |  32.5 |      44 |      15 |  25.4
   Depths:2 |   36535 |   27617 |  43.0 |      51 |      24 |  32.0
   Depths:3 |   23274 |   20307 |  46.6 |      28 |      25 |  47.2
   Depths:4 |   53971 |   44758 |  45.3 |      63 |      35 |  35.7
   Depths:5 |   21539 |   17201 |  44.4 |      21 |      11 |  34.4
      Zot:1 |   37956 |     938 |   2.4 |      26 |       2 |   7.1
      Sewer |       0 |     146 | 100.0 |       0 |       9 | 100.0
      IceCv |       0 |    4202 | 100.0 |       0 |      20 | 100.0
    Volcano |       0 |    3663 | 100.0 |       0 |      14 | 100.0
            +---------+---------+-------+---------+---------+-------
